 Dungeon Crawl Stone Soup version 0.29-a0-330-g52719c12eb (webtiles) character file.

Game seed: 9717251334733128604

130 Aelig the Insei (level 5, 0/37 HPs)
             Began as a Djinni Transmuter on May 18, 2022.
             Slain by a centaur (2 damage)
             ... on level 3 of the Dungeon.
             The game lasted 00:07:03 (4966 turns).

Aelig the Insei (Djinni Transmuter)                 Turns: 4966, Time: 00:07:04

Health: 0/37       AC:  3    Str:  9    XL:     5   Next: 36%
Gold:   120        EV: 12    Int: 17    God:
                   SH:  0    Dex: 13

rFire   + + .      SeeInvis .     - Unarmed
rCold   x . .      Faith    .   (no shield)
rNeg    . . .      Spirit   .   a - +0 robe
rPois   ∞          Reflect  .   (no helmet)
rElec   .          Harm     .   (no cloak)
rCorr   .          Rampage  .   p - +0 pair of gloves
Will    +....                   (boots unavailable)
Stlth   +.........              (no amulet)
HPRegen 0.12/turn               c - ring of willpower
MPRegen 0.00/turn               (no ring)

@: flying, hasted, very quick
A: sickness immunity, fire resistance 2, cold vulnerability 1, float, innate
caster, HP casting, extra vitality 1
a: no special abilities


You were on level 3 of the Dungeon.
You visited 1 branch of the dungeon, and saw 4 of its levels.

You collected 120 gold pieces.

Inventory:

Missiles
 k - 34 stones (quivered)
Armour
 a - a +0 robe (worn)
 p - a +0 pair of gloves (worn)
Jewellery
 c - a ring of willpower (left hand)
 l - an amulet of the acrobat
Scrolls
 e - a scroll of summoning {unknown}
 h - a scroll of fear
 i - a scroll of amnesia {unknown}
 m - a scroll of magic mapping {unknown}
 n - a scroll of identify {unknown}
 o - a scroll of fog {unknown}
 q - a scroll of noise {unknown}
 r - a scroll of teleportation {unknown}
Potions
 b - a potion of lignification
 d - a potion of flight {unknown}
 f - a potion of heal wounds {unknown}
 g - 3 potions of curing
 j - 2 potions of haste
 s - a potion of berserk rage {unknown}


   Skills:
 - Level 1.0 Fighting
 - Level 2.1 Dodging
 * Level 4.9 Unarmed Combat
 + Level 2.5 Spellcasting


You couldn't memorise any spells.
You knew the following spells:

 Your Spells              Type           Power      Damage    Failure   Level
a - Beastly Appendage     Tmut           20%        N/A       6%          1
b - Wereblood             Tmut           10%        N/A       10%         2
c - Spider Form           Tmut/Pois      10%        N/A       19%         3
d - Ice Form              Ice/Tmut       10%        N/A       54%         4
e - Pain                  Necr           40%        1d6       6%          1
f - Static Discharge      Conj/Air       10%        N/A       10%         2
Your spell library was empty.

Dungeon Overview and Level Annotations

Branches:
Dungeon (4/15)
 Temple: D:4-7

Altars:

Shops:
D:1 (=

Annotations:
D:2 1 runed translucent door, Crazy Yiuf


Innate Abilities, Weirdness & Mutations

You are immune to sickness and miasma.
You are immune to poison.
Your flesh is very heat resistant. (rF++)
You are vulnerable to cold. (rC-)
You float through the air rather than walking.
You learn spells naturally, not from books.
Your magical power is your life essence.
You have superior vitality. (+4 MHP)


Message History

The centaur is lightly wounded.
The centaur barely misses you.
The centaur kicks you but does no damage.
The centaur misses you. The centaur closely misses you.
You completely miss the centaur.
The centaur is lightly wounded.
The centaur hits you. The centaur misses you.
You hit the centaur but do no damage.
The centaur is lightly wounded.
The centaur barely misses you.
The centaur kicks you but does no damage.
The centaur hits you.
The centaur kicks you but does no damage.
You barely miss the centaur.
The centaur is lightly wounded.
The centaur closely misses you. The centaur barely misses you.
You hit the centaur but do no damage. You headbutt the centaur.
The centaur is moderately wounded.
The centaur hits you. The centaur misses you.
You hit the centaur but do no damage.
The centaur is moderately wounded.
The centaur hits you. The centaur barely misses you. The centaur hits you.
* * * LOW HITPOINT WARNING * * *
The centaur barely misses you.
You hit the centaur.
You headbutt the centaur, but do no damage.
The centaur is heavily wounded.
The centaur hits you.
* * * LOW HITPOINT WARNING * * *
The centaur kicks you but does no damage.
It was a potion of curing.
You feel better.
Your horns disappear.
The centaur hits you.
* * * LOW HITPOINT WARNING * * *
The centaur kicks you.
* * * LOW HITPOINT WARNING * * *
It was a potion of haste.
You feel yourself speed up. The centaur hits you.
* * * LOW HITPOINT WARNING * * *
The centaur kicks you.
You die...

#...###...###
#.......#...#
#........##.#
........<.#.###
.........)#...#####
..................#
..................#
.................c#
........o#......@.#
.......c.#.)...<..#
........>.#########
..........##
...........#
...........#
...........#
#..[.......#
##.........#


You could see a centaur.

Vanquished Creatures
  An orc wizard (D:2)
  3 adders
  A worm (D:3)
  3 dart slugs
  An orc (D:3)
  3 endoplasms (D:1)
  3 giant cockroaches (D:1)
  6 goblins
  8 hobgoblins
  10 jackals
  A quokka (D:1)
  4 ball pythons
  5 bats
  2 frilled lizards (D:1)
  4 kobolds
  6 rats
61 creatures vanquished.

Notes
Turn   | Place    | Note
-------+----------+-------------------------------------------
     0 | D:1      | Aelig the Djinni Transmuter began the quest for the Orb.
     0 | D:1      | Reached XP level 1. HP: 17/17 MP: 0/0
    74 | D:1      | Reached XP level 2. HP: 21/22 MP: 0/0
   119 | D:1      | Found a faded altar of an unknown god.
   628 | D:1      | Found Kifon's Weapon Boutique.
   751 | D:1      | Reached XP level 3. HP: 13/27 MP: 0/0
   751 | D:1      | Learned a level 1 spell: Pain
  1285 | D:1      | Reached skill level 4 in Unarmed Combat
  1760 | D:1      | Found Hueh's Jewellery Emporium.
  1910 | D:2      | Found a runed translucent door.
  1911 | D:2      | Noticed Crazy Yiuf
  2099 | D:2      | Reached XP level 4. HP: 4/32 MP: 0/0
  3582 | D:3      | Reached XP level 5. HP: 32/37 MP: 0/0
  3582 | D:3      | Learned a level 2 spell: Static Discharge
  3638 | D:4      | Noticed a centaur
  4966 | D:3      | Slain by a centaur

Illustrated notes

Levels and vault maps discovered:
D:1:      evilmike_arrival_fibonacci_small, layout_basic,
          hellmonk_ecumenical_altar_crossroads, serial_shops, shop, shop_statue,
          serial_park_tiny_2
D:2:      layout_loops_ring, uniq_crazy_yiuf_cottage
D:3:      layout_rooms
D:4:      layout_rooms, gammafunk_ghost_mausoleum, guppyfry_early_lair_pool

Skill      XL: |  1  2  3 |
---------------+----------+-----
Spellcasting   | 2 |  2.5
Unarmed Combat | 4 |  4.9
Fighting       | |  1.0
Dodging        | |  2.1

Action                   |  1- 3 |  4- 6 || total
-------------------------+-------+-------++-------
Melee: Unarmed           |   136 |   110 ||   246
       Punch             |     3 |     1 ||     4
       Headbutt          |    10 |    19 ||    29
 Cast: Beastly Appendage |    22 |    20 ||    42
       Wereblood         |     1 |     2 ||     3
  Use: Potion            |       |     2 ||     2
       Scroll            |       |     1 ||     1
Armor: Robe              |    17 |    23 ||    40
Dodge: Dodged            |    90 |    84 ||   174

Table legend: (Time is in decaauts)
 A = Elapsed time spent in this place.
 B = Non-inter-level travel time spent in this place.
 C = Inter-level travel time spent in this place.
 D = Time resting spent in this place.
 E = Time spent auto-exploring this place.
 F = Levels seen in this place.
 G = Mean time per level.
                   A        B        C        D        E       F      G
               +--------+--------+--------+--------+--------+-----+--------+
         Total |   4964 |   4801 |    163 |   2106 |   1873 |   4 | 1241.0 |
       Dungeon |   4964 |   4801 |    163 |   2106 |   1873 |   4 | 1241.0 |
               +--------+--------+--------+--------+--------+-----+--------+

Top non-repeatable levels by time:
     D:2: 2474 daAuts
     D:1: 1822 daAuts
     D:3: 653 daAuts
     D:4: 14 daAuts
